[ PARTIDA AOE2 · #475339877 ]
UnrankedMalíes vs Wei
[ ANÁLISIS DE REPETICIÓN · EXTRAÍDO DE LA PARTIDA GRABADA ]
Feudal
10:25
Castillos
—
Imperial
—
| APM promedio | 57.1 |
| APM pico | 82 |
| eAPM promedio | 18.5 |
| Aldeanos / militares | 21 / 0 |
Foco
⚔️ 26.6% · 🌾 73.4%
Fishing Ship ×5 · Unknown (2626) ×1
Feudal
11:03
Castillos
—
Imperial
—
| APM promedio | 60.4 |
| APM pico | 112 |
| eAPM promedio | 20.3 |
| Aldeanos / militares | 30 / 0 |
Foco
⚔️ 33.9% · 🌾 66.1%
Fishing Ship ×3
Feudal
9:51
Castillos
—
Imperial
—
| APM promedio | 50.6 |
| APM pico | 92 |
| eAPM promedio | 14.3 |
| Aldeanos / militares | 29 / 0 |
Foco
⚔️ 20.7% · 🌾 79.3%
Fishing Ship ×5
Feudal
10:08
Castillos
—
Imperial
—
| APM promedio | 50.9 |
| APM pico | 76 |
| eAPM promedio | 21.9 |
| Aldeanos / militares | 29 / 0 |
Foco
⚔️ 39.3% · 🌾 60.7%
Fishing Ship ×5
Feudal
10:38
Castillos
—
Imperial
—
| APM promedio | 44.2 |
| APM pico | 83 |
| eAPM promedio | 16.0 |
| Aldeanos / militares | 33 / 2 |
Foco
⚔️ 24.7% · 🌾 75.3%
Fishing Ship ×5 · Galley ×2
Feudal
11:01
Castillos
—
Imperial
—
| APM promedio | 44.4 |
| APM pico | 76 |
| eAPM promedio | 17.2 |
| Aldeanos / militares | 28 / 0 |
Foco
⚔️ 14.4% · 🌾 85.6%
Fishing Ship ×3
Feudal
—
Castillos
—
Imperial
—
| APM promedio | 20.6 |
| APM pico | 42 |
| eAPM promedio | 10.8 |
| Aldeanos / militares | 26 / 0 |
Foco
⚔️ 11.0% · 🌾 89.0%
Fishing Ship ×5
Feudal
9:48
Castillos
—
Imperial
—
| APM promedio | 31.2 |
| APM pico | 59 |
| eAPM promedio | 14.4 |
| Aldeanos / militares | 21 / 0 |
Foco
⚔️ 14.2% · 🌾 85.8%
Fishing Ship ×3
Mapa de la partida
Recursos iniciales + cada clic de construcción. Líneas = muros · curvas = relieve. ◆ oro · ⬟ piedra · ● bayas · ✦ reliquia · ◌ hueco del cierre
Tu base
Base de Marashlikof
Base de 摸鱼种田
Base de 江东小霸王
Base de T
Base de 福宝
Base de nw
Base de 鹿乃子乃子虎视眈眈
Terreno inicial suavizado · ◌ = hueco del cierre detectado · pasá el cursor para detalles
Inputs por minuto
— Niroxs - - Marashlikof
Build order — Niroxs
44 acciones detectadas en el replay
| 0:02 | Construir | House |
| 0:03 | Construir | House |
| 0:18 | Crear | Villager (Male) |
| 0:18 | Crear | Villager (Male) |
| 0:18 | Crear | Villager (Male) |
| 0:21 | Crear | Villager (Male) |
| 0:22 | Crear | Villager (Male) |
| 1:37 | Crear | Villager (Male) |
| 2:33 | Construir | Lumber Camp |
| 2:42 | Crear | Villager (Male) |
| 2:43 | Crear | Villager (Male) |
| 2:43 | Crear | Villager (Male) |
| 2:43 | Crear | Villager (Male) |
| 3:50 | Crear | Villager (Male) |
| 4:04 | Construir | House |
| 4:18 | Crear | Villager (Male) |
| 4:27 | Crear | Villager (Male) |
| 4:58 | Crear | Villager (Male) |
| 5:03 | Crear | Villager (Male) |
| 5:11 | Construir | Dock |
| 5:17 | Crear | Villager (Male) |
| 5:33 | Crear | Villager (Male) |
| 6:10 | Crear | Fishing Ship |
| 6:10 | Crear | Fishing Ship |
| 6:15 | Construir | House |
| 6:17 | Crear | Villager (Male) |
| 6:26 | Construir | Palisade Wall |
| 6:29 | Crear | Villager (Male) |
| 6:40 | Construir | Palisade Wall |
| 6:55 | Construir | Palisade Wall |
| 7:00 | Construir | Palisade Wall |
| 7:02 | Crear | Villager (Male) |
| 7:07 | Construir | House |
| 7:39 | Crear | Fishing Ship |
| 8:15 | Investigar | Feudal Age |
| 8:15 | Investigar | Feudal Age |
| 8:34 | Crear | Fishing Ship |
| 9:11 | Crear | Fishing Ship |
| 9:57 | Construir | Mining Camp |
| 10:25 | Edad | Edad Feudal |
| 10:27 | Crear | Unit 2626 |
| 10:42 | Construir | House |
| 10:58 | Construir | Dock |
| 11:03 | Crear | Villager (Male) |
Build order — Marashlikof
53 acciones detectadas en el replay
| 0:05 | Construir | House |
| 0:05 | Crear | Villager (Male) |
| 0:06 | Crear | Villager (Male) |
| 0:07 | Construir | House |
| 0:21 | Crear | Villager (Male) |
| 0:21 | Crear | Villager (Male) |
| 1:29 | Crear | Villager (Male) |
| 1:29 | Crear | Villager (Male) |
| 2:03 | Crear | Villager (Male) |
| 2:03 | Crear | Villager (Male) |
| 2:07 | Construir | Lumber Camp |
| 2:28 | Crear | Villager (Male) |
| 2:28 | Crear | Villager (Male) |
| 2:58 | Crear | Villager (Male) |
| 2:58 | Crear | Villager (Male) |
| 3:13 | Crear | Villager (Male) |
| 3:14 | Crear | Villager (Male) |
| 3:34 | Crear | Villager (Male) |
| 3:35 | Crear | Villager (Male) |
| 3:57 | Crear | Villager (Male) |
| 3:57 | Crear | Villager (Male) |
| 3:59 | Construir | House |
| 4:41 | Construir | Dock |
| 4:46 | Crear | Villager (Male) |
| 4:47 | Crear | Villager (Male) |
| 4:47 | Crear | Villager (Male) |
| 5:24 | Crear | Villager (Male) |
| 5:24 | Crear | Villager (Male) |
| 5:39 | Crear | Fishing Ship |
| 5:44 | Construir | Palisade Wall |
| 5:45 | Construir | Palisade Wall |
| 5:53 | Crear | Villager (Male) |
| 5:53 | Crear | Villager (Male) |
| 6:11 | Investigar | Loom |
| 6:37 | Construir | Palisade Wall |
| 6:51 | Crear | Villager (Male) |
| 6:54 | Construir | House |
| 7:08 | Construir | Palisade Wall |
| 7:27 | Crear | Fishing Ship |
| 7:38 | Crear | Villager (Male) |
| 7:59 | Crear | Villager (Male) |
| 8:04 | Construir | Mill |
| 8:27 | Crear | Villager (Male) |
| 8:32 | Construir | Mining Camp |
| 8:53 | Investigar | Feudal Age |
| 9:34 | Construir | Palisade Wall |
| 9:35 | Construir | Palisade Wall |
| 9:51 | Crear | Fishing Ship |
| 9:59 | Construir | Mining Camp |
| 10:22 | Construir | House |
| 11:03 | Edad | Edad Feudal |
| 11:05 | Construir | Stone Wall |
| 11:08 | Crear | Villager (Male) |
Build order — 摸鱼种田
49 acciones detectadas en el replay
| 0:01 | Crear | Villager (Male) |
| 0:01 | Crear | Villager (Male) |
| 0:01 | Crear | Villager (Male) |
| 0:02 | Crear | Villager (Male) |
| 0:02 | Crear | Villager (Male) |
| 0:03 | Construir | House |
| 0:05 | Construir | House |
| 1:30 | Crear | Villager (Male) |
| 1:31 | Crear | Villager (Male) |
| 1:47 | Construir | Lumber Camp |
| 1:53 | Crear | Villager (Male) |
| 1:54 | Crear | Villager (Male) |
| 1:54 | Crear | Villager (Male) |
| 2:18 | Crear | Villager (Male) |
| 2:49 | Crear | Villager (Male) |
| 2:49 | Crear | Villager (Male) |
| 3:03 | Crear | Villager (Male) |
| 3:03 | Crear | Villager (Male) |
| 3:52 | Construir | House |
| 3:56 | Crear | Villager (Male) |
| 3:57 | Crear | Villager (Male) |
| 3:57 | Crear | Villager (Male) |
| 3:57 | Crear | Villager (Male) |
| 4:25 | Construir | Dock |
| 4:34 | Construir | Dock |
| 4:44 | Crear | Villager (Male) |
| 4:46 | Crear | Villager (Male) |
| 4:54 | Construir | House |
| 5:07 | Crear | Villager (Male) |
| 5:09 | Crear | Villager (Male) |
| 5:16 | Crear | Fishing Ship |
| 5:16 | Crear | Fishing Ship |
| 5:17 | Crear | Fishing Ship |
| 6:00 | Crear | Fishing Ship |
| 6:03 | Crear | Villager (Male) |
| 6:29 | Crear | Villager (Male) |
| 7:12 | Investigar | Loom |
| 7:36 | Investigar | Feudal Age |
| 7:57 | Construir | Mill |
| 8:38 | Crear | Villager (Male) |
| 8:39 | Crear | Villager (Male) |
| 8:47 | Crear | Fishing Ship |
| 8:52 | Construir | Barracks |
| 9:34 | Construir | House |
| 9:51 | Edad | Edad Feudal |
| 10:07 | Crear | Villager (Male) |
| 10:25 | Construir | Stable |
| 10:35 | Investigar | Double-Bit Axe |
| 10:38 | Crear | Villager (Male) |
Build order — 江东小霸王
58 acciones detectadas en el replay
| 0:01 | Crear | Villager (Male) |
| 0:01 | Crear | Villager (Male) |
| 0:02 | Construir | House |
| 0:03 | Construir | House |
| 0:18 | Crear | Villager (Male) |
| 0:19 | Crear | Villager (Male) |
| 0:19 | Crear | Villager (Male) |
| 1:26 | Crear | Villager (Male) |
| 1:27 | Crear | Villager (Male) |
| 1:57 | Crear | Villager (Male) |
| 1:57 | Crear | Villager (Male) |
| 2:03 | Construir | Lumber Camp |
| 2:05 | Construir | House |
| 2:15 | Crear | Villager (Male) |
| 2:16 | Crear | Villager (Male) |
| 2:45 | Crear | Villager (Male) |
| 3:03 | Crear | Villager (Male) |
| 3:30 | Crear | Villager (Male) |
| 3:49 | Construir | House |
| 3:54 | Crear | Villager (Male) |
| 4:05 | Construir | Dock |
| 4:28 | Crear | Villager (Male) |
| 4:28 | Crear | Villager (Male) |
| 4:38 | Crear | Villager (Male) |
| 4:50 | Construir | Palisade Wall |
| 4:57 | Crear | Fishing Ship |
| 5:10 | Construir | House |
| 5:17 | Crear | Villager (Male) |
| 5:17 | Crear | Villager (Male) |
| 5:29 | Crear | Villager (Male) |
| 5:37 | Crear | Villager (Male) |
| 5:37 | Crear | Villager (Male) |
| 5:38 | Crear | Villager (Male) |
| 5:41 | Construir | House |
| 5:59 | Crear | Fishing Ship |
| 5:59 | Crear | Fishing Ship |
| 6:00 | Crear | Villager (Male) |
| 6:22 | Construir | Palisade Wall |
| 6:22 | Construir | Palisade Wall |
| 6:23 | Construir | Palisade Wall |
| 6:45 | Crear | Villager (Male) |
| 7:02 | Investigar | Loom |
| 7:04 | Crear | Fishing Ship |
| 7:18 | Construir | House |
| 7:20 | Construir | Palisade Wall |
| 7:40 | Crear | Fishing Ship |
| 7:58 | Investigar | Feudal Age |
| 8:30 | Crear | Villager (Male) |
| 9:37 | Construir | Palisade Wall |
| 9:42 | Construir | Palisade Wall |
| 9:45 | Construir | Palisade Wall |
| 9:46 | Construir | Palisade Wall |
| 10:08 | Edad | Edad Feudal |
| 10:14 | Construir | Town Center |
| 10:19 | Investigar | Double-Bit Axe |
| 10:19 | Crear | Villager (Male) |
| 10:45 | Construir | Dock |
| 10:46 | Crear | Villager (Male) |
Build order — T
43 acciones detectadas en el replay
| 0:01 | Crear | Villager (Male) ×4 |
| 0:01 | Crear | Villager (Male) ×4 |
| 0:02 | Construir | House |
| 0:03 | Construir | House |
| 1:29 | Crear | Villager (Male) |
| 1:49 | Construir | Settlement |
| 2:03 | Crear | Villager (Male) |
| 2:03 | Crear | Villager (Male) |
| 2:18 | Crear | Villager (Male) |
| 2:18 | Crear | Villager (Male) |
| 2:52 | Crear | Villager (Male) |
| 2:52 | Crear | Villager (Male) |
| 3:18 | Crear | Villager (Male) |
| 3:18 | Crear | Villager (Male) |
| 3:47 | Crear | Villager (Male) |
| 3:47 | Crear | Villager (Male) |
| 4:14 | Crear | Villager (Male) |
| 4:37 | Construir | Dock |
| 4:43 | Crear | Villager (Male) |
| 4:43 | Crear | Villager (Male) |
| 5:23 | Crear | Villager (Male) ×2 |
| 5:36 | Crear | Villager (Male) |
| 5:47 | Crear | Fishing Ship |
| 5:49 | Construir | House |
| 6:30 | Crear | Villager (Male) |
| 6:32 | Crear | Fishing Ship |
| 6:59 | Crear | Villager (Male) ×4 |
| 7:24 | Construir | Settlement |
| 8:06 | Crear | Fishing Ship |
| 8:06 | Crear | Fishing Ship |
| 8:13 | Construir | House |
| 8:25 | Investigar | Feudal Age |
| 9:09 | Crear | Fishing Ship |
| 9:21 | Construir | Palisade Wall |
| 9:25 | Construir | Dock |
| 10:16 | Crear | Villager (Male) |
| 10:17 | Crear | Villager (Male) |
| 10:23 | Construir | Settlement |
| 10:38 | Edad | Edad Feudal |
| 10:45 | Crear | Galley |
| 10:46 | Crear | Galley |
| 10:55 | Investigar | Double-Bit Axe |
| 11:09 | Crear | Villager (Male) |
Build order — 福宝
45 acciones detectadas en el replay
| 0:02 | Crear | Villager (Male) |
| 0:03 | Crear | Villager (Male) |
| 0:03 | Crear | Villager (Male) |
| 0:03 | Crear | Villager (Male) |
| 0:04 | Construir | House |
| 0:06 | Construir | House |
| 1:33 | Crear | Villager (Male) |
| 1:33 | Crear | Villager (Male) |
| 1:57 | Construir | Lumber Camp |
| 2:03 | Crear | Villager (Male) |
| 2:03 | Crear | Villager (Male) |
| 2:20 | Crear | Villager (Male) |
| 2:20 | Crear | Villager (Male) |
| 2:55 | Crear | Villager (Male) |
| 2:55 | Crear | Villager (Male) |
| 3:15 | Crear | Villager (Male) |
| 3:43 | Crear | Villager (Male) |
| 3:43 | Crear | Villager (Male) |
| 3:43 | Crear | Villager (Male) |
| 3:43 | Crear | Villager (Male) |
| 3:54 | Construir | House |
| 4:17 | Crear | Villager (Male) |
| 4:37 | Crear | Villager (Male) |
| 4:37 | Crear | Villager (Male) |
| 5:14 | Construir | Dock |
| 5:49 | Construir | House |
| 5:51 | Crear | Villager (Male) |
| 5:51 | Crear | Villager (Male) |
| 6:06 | Crear | Fishing Ship |
| 6:23 | Crear | Villager (Male) |
| 7:04 | Crear | Villager (Male) |
| 7:04 | Crear | Villager (Male) |
| 7:21 | Crear | Fishing Ship |
| 7:22 | Crear | Fishing Ship |
| 7:29 | Construir | House |
| 8:07 | Construir | Mill |
| 8:22 | Investigar | Loom |
| 8:22 | Investigar | Feudal Age |
| 8:49 | Construir | Mining Camp |
| 9:07 | Construir | Palisade Wall |
| 9:25 | Crear | Villager (Male) |
| 9:26 | Crear | Villager (Male) |
| 9:40 | Crear | Villager (Male) |
| 10:02 | Construir | Barracks |
| 11:01 | Edad | Edad Feudal |
Build order — nw
39 acciones detectadas en el replay
| 0:02 | Construir | House |
| 0:03 | Construir | House |
| 0:05 | Crear | Villager (Male) ×3 |
| 1:44 | Crear | Villager (Male) |
| 2:07 | Crear | Villager (Male) |
| 2:07 | Crear | Villager (Male) |
| 2:20 | Construir | Lumber Camp |
| 2:30 | Crear | Villager (Male) ×2 |
| 3:05 | Crear | Villager (Male) |
| 3:06 | Crear | Villager (Male) |
| 3:15 | Crear | Villager (Male) |
| 3:53 | Construir | House |
| 4:00 | Construir | House |
| 4:11 | Crear | Villager (Male) |
| 4:12 | Crear | Villager (Male) |
| 4:46 | Crear | Villager (Male) ×3 |
| 4:47 | Crear | Villager (Male) ×3 |
| 5:01 | Crear | Villager (Male) |
| 5:15 | Construir | House |
| 5:19 | Construir | Dock |
| 6:07 | Crear | Villager (Male) |
| 6:23 | Crear | Fishing Ship |
| 6:35 | Construir | Mill |
| 6:40 | Crear | Villager (Male) |
| 6:55 | Crear | Villager (Male) |
| 7:09 | Crear | Fishing Ship |
| 7:49 | Crear | Villager (Male) |
| 7:49 | Crear | Villager (Male) |
| 7:53 | Construir | House |
| 8:20 | Construir | Mining Camp |
| 8:27 | Crear | Fishing Ship |
| 8:59 | Crear | Villager (Male) |
| 9:10 | Crear | Fishing Ship |
| 9:28 | Investigar | Feudal Age |
| 9:50 | Crear | Fishing Ship |
| 9:54 | Construir | House |
| 9:55 | Construir | House |
| 10:20 | Construir | Dock |
| 10:31 | Investigar | Loom |
Build order — 鹿乃子乃子虎视眈眈
32 acciones detectadas en el replay
| 0:02 | Crear | Villager (Male) |
| 0:02 | Crear | Villager (Male) |
| 0:02 | Crear | Villager (Male) |
| 0:02 | Crear | Villager (Male) |
| 1:16 | Crear | Villager (Male) |
| 1:16 | Crear | Villager (Male) |
| 1:44 | Crear | Villager (Male) |
| 1:46 | Construir | Lumber Camp |
| 2:29 | Crear | Villager (Male) |
| 2:43 | Crear | Villager (Male) |
| 2:44 | Crear | Villager (Male) |
| 3:15 | Crear | Villager (Male) |
| 3:16 | Crear | Villager (Male) |
| 3:37 | Crear | Villager (Male) |
| 3:55 | Crear | Villager (Male) |
| 4:22 | Crear | Villager (Male) |
| 4:37 | Construir | Dock |
| 4:48 | Crear | Villager (Male) |
| 5:13 | Crear | Villager (Male) |
| 5:16 | Crear | Fishing Ship |
| 5:42 | Crear | Villager (Male) |
| 5:47 | Crear | Fishing Ship |
| 6:10 | Crear | Villager (Male) |
| 6:33 | Crear | Villager (Male) |
| 6:39 | Crear | Fishing Ship |
| 6:43 | Investigar | Loom |
| 7:15 | Construir | Mining Camp |
| 7:38 | Investigar | Feudal Age |
| 8:24 | Construir | Dock |
| 9:04 | Construir | Dock |
| 9:41 | Crear | Villager (Male) |
| 9:48 | Edad | Edad Feudal |
Cronología de la partida
| 4:05 | 江东小霸王 · first_building Dock |
| 4:25 | 摸鱼种田 · first_building Dock |
| 4:37 | 鹿乃子乃子虎视眈眈 · first_building Dock |
| 4:37 | T · first_building Dock |
| 4:41 | Marashlikof · first_building Dock |
| 4:50 | 江东小霸王 · wall_segment Palisade Wall x5 |
| 5:11 | Niroxs · first_building Dock |
| 5:14 | 福宝 · first_building Dock |
| 5:19 | nw · first_building Dock |
| 5:44 | Marashlikof · wall_segment Palisade Wall x1 |
| 5:45 | Marashlikof · wall_segment Palisade Wall x1 |
| 6:22 | 江东小霸王 · wall_segment Palisade Wall x1 |
| 6:22 | 江东小霸王 · wall_segment Palisade Wall x1 |
| 6:23 | 江东小霸王 · wall_segment Palisade Wall x1 |
| 6:26 | Niroxs · wall_segment Palisade Wall x1 |
| 6:37 | Marashlikof · wall_segment Palisade Wall x21 |
| 6:40 | Niroxs · wall_segment Palisade Wall x5 |
| 6:55 | Niroxs · wall_segment Palisade Wall x9 |
| 7:00 | Niroxs · wall_segment Palisade Wall x4 |
| 7:08 | Marashlikof · wall_segment Palisade Wall x4 |
| 7:20 | 江东小霸王 · wall_segment Palisade Wall x1 |
| 8:52 | 摸鱼种田 · first_building Barracks |
| 9:07 | 福宝 · wall_segment Palisade Wall x5 |
| 9:21 | T · wall_segment Palisade Wall x1 |
| 9:34 | Marashlikof · wall_segment Palisade Wall x1 |
| 9:35 | Marashlikof · wall_segment Palisade Wall x1 |
| 9:37 | 江东小霸王 · wall_segment Palisade Wall x1 |
| 9:42 | 江东小霸王 · wall_segment Palisade Wall x12 |
| 9:45 | 江东小霸王 · wall_segment Palisade Wall x8 |
| 9:46 | 江东小霸王 · wall_segment Palisade Wall x5 |
| 9:48 | 鹿乃子乃子虎视眈眈 · age_up feudal |
| 9:51 | 摸鱼种田 · age_up feudal |
| 10:02 | 福宝 · first_building Barracks |
| 10:08 | 江东小霸王 · age_up feudal |
| 10:25 | Niroxs · age_up feudal |
| 10:25 | 摸鱼种田 · first_building Stable |
| 10:38 | T · age_up feudal |
| 10:40 | 鹿乃子乃子虎视眈眈 · resign |
| 11:01 | 福宝 · age_up feudal |
| 11:03 | Marashlikof · age_up feudal |
| 11:05 | Marashlikof · wall_segment Stone Wall x3 |
[ ANÁLISIS IA · 1 CRÉDITO ]
¿Qué pasó realmente en esta partida?
Wolo.gg analiza cada decisión: build order, eco, micro, errores típicos por bracket. Análisis personalizado por WhatsApp o Discord en 30 segundos.
Guía civ
Malíes
Perfil
Jugador #378699